cohdb
Replays
Latest Replays
All Replays
Popular Replays
Top Player Replays
Match Explorer
How It Works
Community
CoH3 Stats
Reddit
Sign in to upload your games and track your stats! →
Sign in with Steam
Match 41717170
Unlisted
Match 41717170
Overview
Messages
Build Orders
End
Panzergrenadier Squad
250 Light Carrier
Panzerpioneer Squad
Panzergrenadier Squad
Construct Light Support Kompanie
Fire Support Elements
MG34 Team
Selects Armored Support Battlegroup
Selects Superior Fire Drills
Flakvierling Half-track
Selects Salvage Kits
Panzerjäger Mechanized Group
Vehicle Survival Package
2.5-tonne Medical Truck
Pak 38 Anti-tank Gun Team
Construct Panzerarmee Kommand
Combat Half-tracks
Emergency Repair Kits
Selects Panzer Storm
Panzer III L Medium Tank
Selects Stuka Anti-tank Loiter
Panzer III L Medium Tank
Rapid Advance
Tungsten Core Ammunition
Walking Stuka Rocket Launcher
Panzer III L Medium Tank
Stuka Anti-tank Loiter
Panzergrenadier Squad
Panzer III L Medium Tank
Panzerpioneer Squad
Selects Flammpanzer III Medium Tank
Panzer III L Medium Tank
Advanced Optics
Dave
a small girl
八坂真崎
Hanzawilhelm Longbowman of Crécy
0
0
Comments
sign in to comment!
No comments posted yet!